AAA EAST
ROCHESTER RED WINGS @ LEHIGH VALLEY IRONPIGS
06/21/2042
 
TOP OF THE 1ST
Rochester Red Wings batting - Pitching for Lehigh Valley IronPigs : RHP Chris Harris
Pitching: RHP Chris Harris
Batting: LHB Dwayne Charles 0-0: Ball
1-0: Ground out U3 (Groundball, 34, EV 88.8 MPH)
Batting: RHB Artie Miller 0-0: Foul Ball, location: 2LF
0-1: Foul Ball, location: 2F
0-2: Ball
1-2: Ball
2-2: Ground out 4-3 (Groundball, 4, EV 85.0 MPH)
Batting: LHB Adrián Rocha 0-0: Foul Ball, location: 9LDF
0-1: Fly out, F6 (Popup, 4MD, EV 56.9 MPH)
Top of the 1st over - 0 runs, 0 hits, 0 errors, 0 left on base; Rochester 0 - Lehigh Valley 0
BOTTOM OF THE 1ST
Lehigh Valley IronPigs batting - Pitching for Rochester Red Wings : RHP Axel Maldini
Pitching: RHP Axel Maldini
Batting: RHB Bo McCall 0-0: Ball
1-0: Called Strike
1-1: Swinging Strike
1-2: Ball
2-2: Strikes out swinging
Batting: RHB Kawsen Al-Sadat 0-0: Foul Ball, location: 2F
0-1: SINGLE (Groundball, P, EV 83.8 MPH) (infield hit)
Batting: LHB Tim McCall 0-0: Called Strike
0-1: Foul Ball, location: 2F
0-2: Ball
1-2: Ball
Kawsen Al-Sadat is caught stealing 2nd base 2-6
2-2: Foul Ball, location: 7LSF
2-2: Strikes out swinging
Bottom of the 1st over - 0 runs, 1 hit, 0 errors, 0 left on base; Rochester 0 - Lehigh Valley 0
TOP OF THE 2ND
Rochester Red Wings batting - Pitching for Lehigh Valley IronPigs : RHP Chris Harris
Batting: LHB Cal Brown 0-0: Foul Ball, location: 7LSF
0-1: Ball
1-1: SINGLE (Line Drive, 56, EV 95.6 MPH)
Batting: SHB Bernardo Reyes 0-0: Ball
1-0: Foul Ball, location: 23F
1-1: Ball
2-1: Foul Ball, location: 3DF
2-2: Ball
3-2: Foul Ball, location: 2F
3-2: Grounds into double play, 5-4-3 (Groundball, 15, EV 91.3 MPH)
Batting: SHB Juan Trevino 0-0: Ball
1-0: Called Strike
1-1: Ball
2-1: Ball
3-1: Fly out, F8 (Flyball, 8LM, EV 83.1 MPH)
Top of the 2nd over - 0 runs, 1 hit, 0 errors, 0 left on base; Rochester 0 - Lehigh Valley 0
BOTTOM OF THE 2ND
Lehigh Valley IronPigs batting - Pitching for Rochester Red Wings : RHP Axel Maldini
Batting: LHB José Velasco 0-0: Foul Ball, location: 5SF
0-1: Foul Ball, location: 2F
0-2: Ball
1-2: Strikes out looking
Batting: LHB Don Ross 0-0: Ground out 4-3 (Groundball, 4, EV 85.6 MPH)
Batting: RHB José Valdéz 0-0: Ball
1-0: Ball
2-0: Foul Ball, location: 3SF
2-1: Ground out 6-3 (Groundball, 6, EV 107.5 MPH)
Bottom of the 2nd over - 0 runs, 0 hits, 0 errors, 0 left on base; Rochester 0 - Lehigh Valley 0
TOP OF THE 3RD
Rochester Red Wings batting - Pitching for Lehigh Valley IronPigs : RHP Chris Harris
Batting: LHB Joe Ward 0-0: Ball
1-0: Ball
2-0: Ball
3-0: Called Strike
3-1: Base on Balls
Batting: RHB Jake Johnson 0-0: Sac Bunt to 5S - play at first, batter OUT! 5-3
Joe Ward to second
Batting: RHB Amelio González 0-0: Ground out 5-3 (Groundball, 15, EV 83.8 MPH)
Joe Ward to third
Batting: LHB Dwayne Charles 0-0: Ball
1-0: Foul Ball, location: 7LMF
1-1: Foul Ball, location: 25F
1-2: SINGLE (Groundball, 4D, EV 105.6 MPH)
Joe Ward scores
Batting: RHB Artie Miller 0-0: Ball
1-0: Called Strike
1-1: Ground out 4-3 (Groundball, 34S, EV 90.6 MPH)
Top of the 3rd over - 1 run, 1 hit, 0 errors, 1 left on base; Rochester 1 - Lehigh Valley 0
BOTTOM OF THE 3RD
Lehigh Valley IronPigs batting - Pitching for Rochester Red Wings : RHP Axel Maldini
Batting: LHB Tim Thomas 0-0: Ball
1-0: Ground out 4-3 (Groundball, 4, EV 99.4 MPH)
Batting: SHB Phil Wagner 0-0: Ground out 4-3 (Groundball, 4, EV 86.9 MPH)
Batting: RHB Ben Jamison 0-0: Ball
1-0: Ball
2-0: Ball
3-0: Foul Ball, location: 7LSFF
3-1: Base on Balls
Batting: RHB Bo McCall 0-0: Ball
1-0: Foul Ball, location: 9LDF
1-1: Foul Ball, location: 25FF
1-2: Strikes out swinging
Bottom of the 3rd over - 0 runs, 0 hits, 0 errors, 1 left on base; Rochester 1 - Lehigh Valley 0
TOP OF THE 4TH
Rochester Red Wings batting - Pitching for Lehigh Valley IronPigs : RHP Chris Harris
Batting: LHB Adrián Rocha 0-0: Called Strike
0-1: Ball
1-1: Ball
2-1: SINGLE (Flyball, 7LS, EV 101.9 MPH)
Batting: LHB Cal Brown 0-0: Called Strike
0-1: Swinging Strike
0-2: Foul Ball, location: 3FF
0-2: DOUBLE (Groundball, 3L, EV 95.6 MPH)
Adrián Rocha to third
Batting: SHB Bernardo Reyes 0-0: Swinging Strike
0-1: Fly out, F6 (Popup, 6, EV 58.1 MPH)
Batting: SHB Juan Trevino 0-0: Swinging Strike
0-1: Fly out, F3 (Flyball, 3D, EV 89.4 MPH)
Batting: LHB Joe Ward 0-0: Foul Ball, location: 2F
0-1: Swinging Strike
0-2: Strikes out swinging
Top of the 4th over - 0 runs, 2 hits, 0 errors, 2 left on base; Rochester 1 - Lehigh Valley 0
BOTTOM OF THE 4TH
Lehigh Valley IronPigs batting - Pitching for Rochester Red Wings : RHP Axel Maldini
Batting: RHB Kawsen Al-Sadat 0-0: Bunt for hit to 2L - play at first, batter OUT! 2-3
Batting: LHB Tim McCall 0-0: Called Strike
0-1: Ball
1-1: Called Strike
1-2: Foul Ball, location: 2F
1-2: Foul Ball, location: 2F
1-2: Ball
2-2: Foul Ball, location: 2F
2-2: Strikes out swinging
Batting: LHB José Velasco 0-0: Ball
1-0: Called Strike
1-1: Foul Ball, location: 2F
1-2: Ball
2-2: DOUBLE (Flyball, 78XD, EV 104.4 MPH)
Batting: LHB Don Ross 0-0: Ball
1-0: Called Strike
1-1: Called Strike
1-2: Ground out 4-3 (Groundball, 4, EV 80.0 MPH)
Bottom of the 4th over - 0 runs, 1 hit, 0 errors, 1 left on base; Rochester 1 - Lehigh Valley 0
TOP OF THE 5TH
Rochester Red Wings batting - Pitching for Lehigh Valley IronPigs : RHP Chris Harris
Batting: RHB Jake Johnson 0-0: Ball
1-0: DOUBLE (Flyball, 8RD, EV 105.6 MPH)
Batting: RHB Amelio González 0-0: Ball
1-0: Ball
2-0: Sac Bunt to 25 - play at first, batter OUT! 5-3
Jake Johnson to third
Batting: LHB Dwayne Charles 0-0: Ball
1-0: Ball
2-0: Swinging Strike
2-1: Ball
3-1: Swinging Strike
3-2: Base on Balls
Batting: RHB Artie Miller 0-0: SINGLE (Groundball, 4MD, EV 98.1 MPH)
Jake Johnson scores
Dwayne Charles to second
Runner from 2nd tries for 3rd, SAFE, throw by CF made to third
Batting: LHB Adrián Rocha 0-0: Foul Ball, location: 2F
0-1: Ball
1-1: Foul Ball, location: 9LDF
1-2: Ball
2-2: Foul Ball, location: 2F
2-2: Foul Ball, location: 9LMFF
2-2: 3-RUN HOME RUN (Flyball, 78XD, EV 105.6 MPH), Distance : 421 ft
Pitching: RHP Billy Turner
Batting: LHB Cal Brown 0-0: Ball
1-0: Foul Ball, location: 2F
1-1: Ball
2-1: Called Strike
2-2: Fly out, F9 (Flyball, 9, EV 88.8 MPH)
Batting: SHB Bernardo Reyes 0-0: Ball
1-0: Ball
2-0: Ground out 6-3 (Groundball, 6, EV 93.8 MPH)
Top of the 5th over - 4 runs, 3 hits, 0 errors, 0 left on base; Rochester 5 - Lehigh Valley 0
BOTTOM OF THE 5TH
Lehigh Valley IronPigs batting - Pitching for Rochester Red Wings : RHP Axel Maldini
Batting: RHB José Valdéz 0-0: Called Strike
0-1: Ball
1-1: SINGLE (Groundball, 6MD, EV 104.4 MPH)
Batting: LHB Tim Thomas 0-0: Ball
1-0: Ball
José Valdéz steals 2nd base
2-0: Ball
3-0: Called Strike
3-1: Foul Ball, location: 2F
3-2: Ground out 4-3 (Groundball, 4, EV 88.8 MPH)
José Valdéz to third
Batting: SHB Phil Wagner 0-0: Foul Ball, location: 25FF
0-1: Swinging Strike
0-2: Ball
1-2: Strikes out looking
Batting: RHB Ben Jamison 0-0: Ball
1-0: Swinging Strike
1-1: Ground out 4-3 (Groundball, 4MS, EV 70.6 MPH)
Bottom of the 5th over - 0 runs, 1 hit, 0 errors, 1 left on base; Rochester 5 - Lehigh Valley 0
TOP OF THE 6TH
Rochester Red Wings batting - Pitching for Lehigh Valley IronPigs : RHP Billy Turner
Batting: SHB Juan Trevino 0-0: Ball
1-0: Ball
2-0: Foul Ball, location: 7LMFF
2-1: Foul Ball, location: 5FF
2-2: Fly out, F5 (Popup, 5S, EV 70.6 MPH)
Batting: LHB Joe Ward 0-0: Foul Ball, location: 3F
0-1: Swinging Strike
0-2: Strikes out swinging
Batting: RHB Jake Johnson 0-0: Ground out 6-3 (Groundball, 6, EV 110.6 MPH)
Top of the 6th over - 0 runs, 0 hits, 0 errors, 0 left on base; Rochester 5 - Lehigh Valley 0
BOTTOM OF THE 6TH
Lehigh Valley IronPigs batting - Pitching for Rochester Red Wings : RHP Axel Maldini
Batting: RHB Bo McCall 0-0: Called Strike
0-1: Swinging Strike
0-2: DOUBLE (Line Drive, 7LS, EV 91.9 MPH)
Batting: RHB Kawsen Al-Sadat 0-0: Ball
1-0: Fly out, F9 (Flyball, 9, EV 98.1 MPH)
Batting: LHB Tim McCall 0-0: Fly out, F8 (Flyball, 78M, EV 93.1 MPH)
Batting: LHB José Velasco 0-0: Swinging Strike
0-1: Foul Ball, location: 9LSFF
0-2: Strikes out swinging
Bottom of the 6th over - 0 runs, 1 hit, 0 errors, 1 left on base; Rochester 5 - Lehigh Valley 0
TOP OF THE 7TH
Rochester Red Wings batting - Pitching for Lehigh Valley IronPigs : RHP Billy Turner
Batting: RHB Amelio González 0-0: Called Strike
0-1: Swinging Strike
0-2: Strikes out swinging
Batting: LHB Dwayne Charles 0-0: Ball
1-0: Ball
2-0: Foul Ball, location: 2F
2-1: Foul Ball, location: 23FF
2-2: Foul Ball, location: 2F
2-2: Ball
3-2: Base on Balls
Batting: RHB Artie Miller 0-0: Called Strike
0-1: Swinging Strike
0-2: Foul Ball, location: 3FF
0-2: Ball
1-2: Foul Ball, location: 2F
1-2: Foul Ball, location: 3F
1-2: Ball
2-2: Foul Ball, location: 2LF
2-2: Grounds into double play, 4-6-3 (Groundball, 4, EV 79.4 MPH)
Top of the 7th over - 0 runs, 0 hits, 0 errors, 0 left on base; Rochester 5 - Lehigh Valley 0
BOTTOM OF THE 7TH
Lehigh Valley IronPigs batting - Pitching for Rochester Red Wings : RHP Axel Maldini
Batting: LHB Don Ross 0-0: Fly out, F8 (Flyball, 8RXD, EV 89.4 MPH)
Batting: RHB José Valdéz 0-0: Foul Ball, location: 2F
0-1: Swinging Strike
0-2: Ball
1-2: Ball
2-2: Foul Ball, location: 3F
2-2: SOLO HOME RUN (Flyball, 7LD, EV 96.3 MPH), Distance : 352 ft
Batting: LHB Tim Thomas 0-0: Ball
1-0: Ball
2-0: SINGLE (Line Drive, 7LS, EV 93.8 MPH)
Batting: SHB Phil Wagner 0-0: Ball
1-0: Swinging Strike
1-1: Fly out, F8 (Flyball, 8LM, EV 91.9 MPH)
Batting: RHB Ben Jamison 0-0: Ball
1-0: Called Strike
1-1: Foul Ball, location: 3FF
1-2: Fly out, F4 (Popup, 34, EV 63.1 MPH)
Bottom of the 7th over - 1 run, 2 hits, 0 errors, 1 left on base; Rochester 5 - Lehigh Valley 1
TOP OF THE 8TH
Rochester Red Wings batting - Pitching for Lehigh Valley IronPigs : RHP Billy Turner
Batting: LHB Adrián Rocha 0-0: Ball
1-0: Called Strike
1-1: Ball
2-1: Swinging Strike
2-2: Strikes out swinging
Batting: LHB Cal Brown 0-0: Ball
1-0: Foul Ball, location: 2F
1-1: Ball
2-1: Ball
3-1: Foul Ball, location: 2F
3-2: Foul Ball, location: 25FF
3-2: Foul Ball, location: 3SF
3-2: Base on Balls
Batting: SHB Bernardo Reyes 0-0: Called Strike
0-1: Called Strike
0-2: Strikes out looking
Batting: SHB Juan Trevino 0-0: Foul Ball, location: 2F
0-1: Ball
1-1: Foul Ball, location: 7LMF
1-2: Strikes out swinging
Top of the 8th over - 0 runs, 0 hits, 0 errors, 1 left on base; Rochester 5 - Lehigh Valley 1
BOTTOM OF THE 8TH
Lehigh Valley IronPigs batting - Pitching for Rochester Red Wings : RHP Axel Maldini
Batting: RHB Bo McCall 0-0: Ground out 5-3 (Groundball, 56S, EV 64.4 MPH)
Batting: RHB Kawsen Al-Sadat 0-0: Foul Ball, location: 5SF
0-1: Ball
1-1: Ball
2-1: TRIPLE (Flyball, 78XD, EV 93.1 MPH)
Batting: LHB Tim McCall 0-0: Ball
1-0: Called Strike
1-1: Ball
2-1: Foul Ball, location: 25FF
2-2: Foul Ball, location: 7LMF
2-2: SINGLE (Groundball, 4, EV 110.6 MPH) (infield hit)
Kawsen Al-Sadat scores
Batting: LHB José Velasco 0-0: Called Strike
0-1: 2-RUN HOME RUN (Flyball, 9LD, EV 90.0 MPH), Distance : 341 ft
Batting: LHB Don Ross 0-0: Foul Ball, location: 2F
0-1: Ball
1-1: DOUBLE (Flyball, 89XD, EV 95.0 MPH)
Pitching: RHP Mike Malone
Pinch Hitting: LHB Pepe González 0-0: Ball
1-0: Called Strike
1-1: Swinging Strike
1-2: Strikes out swinging
Pitching: LHP Leonardo Madrigal
Pinch Hitting: RHB Rusty Miller 0-0: Swinging Strike
0-1: Ball
1-1: Foul Ball, location: 7LMF
1-2: Ball
2-2: Ball
3-2: 2-RUN HOME RUN (Flyball, 7D, EV 96.9 MPH), Distance : 383 ft
Batting: SHB Phil Wagner 0-0: Ball
1-0: Ground out 6-3 (Groundball, 6, EV 78.8 MPH)
Bottom of the 8th over - 5 runs, 5 hits, 0 errors, 0 left on base; Rochester 5 - Lehigh Valley 6
TOP OF THE 9TH
Rochester Red Wings batting - Pitching for Lehigh Valley IronPigs : RHP Billy Turner
Pitching: LHP Pat Shryock
Now at 1B: Don Ross
Now in LF: Pepe González
Now in CF: Raúl Hernández
Now in RF: Jorge Costa
Batting: LHB Joe Ward 0-0: Ball
1-0: Foul Ball, location: 25F
1-1: Called Strike
1-2: Ball
2-2: Foul Ball, location: 5F
2-2: Foul Ball, location: 2RF
2-2: Ball
3-2: Base on Balls
Batting: RHB Jake Johnson 0-0: Bunted foul
0-1: Ball
1-1: Foul Ball, location: 9LSF
1-2: SINGLE (Groundball, 56S, EV 81.3 MPH) (infield hit)
Joe Ward to second
Batting: RHB Amelio González 0-0: Bunted foul
0-1: Ball
1-1: Ball
2-1: Bunted foul
2-2: Fly out, F7 (Flyball, 7LSF, EV 85.6 MPH)
Batting: LHB Dwayne Charles 0-0: Swinging Strike
0-1: Foul Ball, location: 3F
0-2: Foul Ball, location: 5F
0-2: Ball
1-2: Ball
2-2: Fly out, F3 (Popup, 3SF, EV 76.3 MPH)
Batting: RHB Artie Miller 0-0: Foul Ball, location: 25F
0-1: Fly out, F8 (Line Drive, 8LM, EV 96.3 MPH)
Top of the 9th over - 0 runs, 1 hit, 0 errors, 2 left on base; Rochester 5 - Lehigh Valley 6
Friday, May 3rd , 2024 - OOTP Baseball 24.10 Build 82